 Dungeon Sprint DCSS version 0.28-a0-863-g8cecda6153 (webtiles) character file.

Game seed: 14109791978100865744

2121 emperorscorpion the Thaumaturge (level 9, -4/58 HPs)
             Began as a Djinni Air Elementalist on Nov 18, 2021.
             Was a Believer of Makhleb.
             Slain by a centaur warrior (6 damage)
             ... in the Dungeon (Sprint IX: "|||||||||||||||||||||||||||||").
             The game lasted 00:02:25 (566 turns).

emperorscorpion the Thaumaturge (DjAE)               Turns: 566, Time: 00:02:26

Health: -4/58      AC:  8    Str:  7    XL:     9   Next: 54%
Gold:   0          EV: 13    Int: 26    God:    Makhleb [**....] SH:  0 Dex: 14

rFire   + + .      SeeInvis .   i - +2 rapier (distort)
rCold   x . .      Faith    .   (no shield)
rNeg    . . .      Spirit   .   k - +2 ring mail
rPois   ∞          Reflect  .   (no helmet)
rElec   .          Harm     .   j - +0 cloak
rCorr   .          Rampage  .   (no gloves)
Will    .....      NoTele   +   (boots unavailable)
Stlth   ++........              (no amulet)
HPRegen 0.19/turn               l - +3 ring of intelligence
MPRegen 0.00/turn               m - +3 ring of intelligence

@: on berserk cooldown, flying, slowed, very slow
A: sickness immunity, fire resistance 2, cold vulnerability 1, float, innate
caster, hp casting, extra vitality 1
a: Renounce Religion, Minor Destruction


You were in the Dungeon.
You worshipped Makhleb.
Makhleb was pleased with you.
You visited 1 branch

Inventory:

Hand Weapons
 i - a +2 rapier of distortion (weapon)
Armour
 a - a +0 robe
 j - a +0 cloak (worn)
 k - a +2 ring mail (worn)
 n - +0 acid dragon scales
Jewellery
 l - a +3 ring of intelligence (left hand)
 m - a +3 ring of intelligence (right hand)
Wands
 h - a wand of iceblast (10)
Scrolls
 f - 2 scrolls of blinking
Potions
 b - 5 potions of curing
 d - a potion of haste
 g - a potion of invisibility


   Skills:
 + Level 1.9 Fighting
 + Level 1.2 Short Blades
 + Level 2.9 Armour
 + Level 8.9 Dodging
 - Level 5.0 Stealth
 + Level 13.4 Spellcasting
 * Level 5.0 Invocations


You had 16 spell levels left.
You knew the following spells:

 Your Spells              Type           Power      Damage    Failure   Level
a - Shock                 Conj/Air       100%       1d9       1%          1
b - Static Discharge      Conj/Air       72%        N/A       1%          2
c - Swiftness             Air            72%        N/A       1%          3
d - Airstrike             Air            36%        N/A       1%          4
e - Animate Skeleton      Necr           100%       N/A       1%          1
f - Corpse Rot            Necr/Air       100%       N/A       1%          2
g - Searing Ray           Conj           100%       2d8       1%          2
h - Frozen Ramparts       Ice            100%       1d12      1%          3
Your spell library was empty.

Dungeon Overview and Level Annotations

Branches:
Dungeon (1/1)

Altars:
Cheibriados
Dithmenos
Elyvilon
Fedhas
Gozag
Hepliaklqana
Kikubaaqudgha
Makhleb
Nemelex Xobeh
Okawaru
Qazlal
Ru
Sif Muna
Trog
Uskayaw
Vehumet
Wu Jian
Xom
Yredelemnul
Zin
The Shining One
Beogh
Jiyva
Lugonu


Innate Abilities, Weirdness & Mutations

You are immune to sickness and miasma.
You are immune to poison.
Your flesh is very heat resistant. (rF++)
You are vulnerable to cold. (rC-)
You float through the air rather than walking.
You learn spells naturally, not from books.
Your magical power is your life essence.
You have superior vitality. (+4 HP)


Message History

The brown ugly thing basks in the mutagenic energy from its kin and changes!
You closely miss the red ugly thing.
The red ugly thing is almost dead.
You puncture the red ugly thing!
You kill the red ugly thing!
Makhleb accepts your kill.
Your Fighting skill increases to level 1!
Your Invocations skill gained 2 levels and is now at level 4!
You have reached level 9!
Your experience leads to an increase in your attributes!
Your base attributes are Str 7, Int 19, Dex 14.
Increase (S)trength, (I)ntelligence, or (D)exterity?
You feel clever.
The power to cast Frozen Ramparts wells up from within.
Spell assigned to 'h'.
You puncture the brown ugly thing!
Space warps horribly around the brown ugly thing!
The brown ugly thing is severely wounded.
The sun demon disappears in a puff of smoke!
The brown ugly thing gores you but does no damage.
You puncture the brown ugly thing!
Space warps horribly around the brown ugly thing!!
You kill the brown ugly thing!
Makhleb accepts your kill.
The centaur warrior wields a +0 longbow.
The centaur warrior shoots an arrow.
The arrow hits you!!
* * * LOW HITPOINT WARNING * * *
Your Short Blades skill increases to level 1!
Your Spellcasting skill increases to level 13!
Your Invocations skill increases to level 5!
You slam the door shut with a bang!
You feel a strong urge to attack something.
A centaur warrior breaks down the door.
It's broken and can't be closed.
You are no longer berserk.
You are exhausted.
You feel yourself slow down.
The centaur warrior unwields a +0 longbow.
The centaur warrior hits you.
You die...

▓.▓
▓)▓
▓)▓
▓.▓
▓.▓
▓.▓
▓.▓
▓.▓
▓@▓
▓c▓
▓K▓
▓.▓
▓.▓
▓.▓
▓.▓
▓+▓


You could see a centaur warrior and a kobold demonologist.

Vanquished Creatures
  A two-headed ogre (D)
  2 ugly things (D)
  A vampire mosquito (D)
  An acid dragon (D)
  A scorpion (D)
  A wight (D)
  2 howler monkeys (D)
  An adder zombie (D)
  A worm (D)
  An orc (D)
  A hobgoblin (D)
  2 quokkas (D)
  A ball python (D)
  A ball python zombie (D)
  A bat (D)
  A rat (D)
19 creatures vanquished.

Notes
Turn   | Place    | Note
-------+----------+-------------------------------------------
     0 | D        | emperorscorpion the Djinni Air Elementalist began the quest
                  | for the Orb.
     0 | D        | Reached XP level 1. HP: 15/15 MP: 0/0
     7 | D        | Reached skill level 3 in Spellcasting
   100 | D        | Noticed a scorpion
   105 | D        | Reached XP level 2. HP: 17/21 MP: 0/0
   109 | D        | Killed a scorpion
   110 | D        | Reached skill level 5 in Spellcasting
   110 | D        | Reached XP level 3. HP: 1/25 MP: 0/0
   110 | D        | Learned a level 1 spell: Animate Skeleton
   110 | D        | Reached XP level 4. HP: 2/31 MP: 0/0
   115 | D        | Found a snail-covered altar of Cheibriados.
   115 | D        | Found a shadowy altar of Dithmenos.
   115 | D        | Found a white marble altar of Elyvilon.
   115 | D        | Found a blossoming altar of Fedhas.
   115 | D        | Found an opulent altar of Gozag.
   116 | D        | Found a hazy altar of Hepliaklqana.
   117 | D        | Found a viscous altar of Jiyva.
   119 | D        | Found a corrupted altar of Lugonu.
   120 | D        | Found a burning altar of Makhleb.
   121 | D        | Found a sparkling altar of Nemelex Xobeh.
   122 | D        | Found an iron altar of Okawaru.
   123 | D        | Found a stormy altar of Qazlal.
   124 | D        | Found a sacrificial altar of Ru.
   126 | D        | Found a bloodstained altar of Trog.
   127 | D        | Found a hide-covered altar of Uskayaw.
   128 | D        | Became a worshipper of Makhleb the Destroyer
   130 | D        | Found an ornate altar of the Wu Jian Council.
   131 | D        | Found a shimmering altar of Xom.
   132 | D        | Found a basalt altar of Yredelemnul.
   133 | D        | Found a glowing silver altar of Zin.
   134 | D        | Found a glowing golden altar of the Shining One.
   400 | D        | Noticed a two-headed ogre
   400 | D        | Noticed an acid dragon
   405 | D        | Reached skill level 7 in Spellcasting
   405 | D        | Reached XP level 5. HP: 29/35 MP: 0/0
   405 | D        | Learned a level 2 spell: Corpse Rot
   405 | D        | Reached * piety under Makhleb
   406 | D        | Reached skill level 5 in Dodging
   406 | D        | Reached XP level 6. HP: 33/40 MP: 0/0
   408 | D        | Killed a two-headed ogre
   409 | D        | Reached skill level 1 in Armour
   409 | D        | Reached skill level 11 in Spellcasting
   409 | D        | Reached XP level 7. HP: 27/45 MP: 0/0
   409 | D        | Learned a level 2 spell: Searing Ray
   409 | D        | Reached XP level 8. HP: 30/50 MP: 0/0
   409 | D        | Reached ** piety under Makhleb
   542 | D        | Noticed a gargoyle
   542 | D        | Noticed a purple ugly thing
   542 | D        | Noticed a green ugly thing
   542 | D        | Noticed a centaur warrior
   542 | D        | Noticed a kobold demonologist
   548 | D        | Reached skill level 5 in Stealth
   548 | D        | Noticed a sun demon
   555 | D        | Banished a gargoyle
   556 | D        | Reached skill level 12 in Spellcasting
   561 | D        | Killed a red ugly thing
   562 | D        | Reached skill level 1 in Fighting
   562 | D        | Reached XP level 9. HP: 24/57 MP: 0/0
   562 | D        | Learned a level 3 spell: Frozen Ramparts
   563 | D        | Killed a brown ugly thing
   563 | D        | HP: 3/85 [centaur warrior/arrow (22)]
   564 | D        | Reached skill level 1 in Short Blades
   564 | D        | Reached skill level 13 in Spellcasting
   564 | D        | Reached skill level 5 in Invocations
   566 | D        | Slain by a centaur warrior

Illustrated notes

Levels and vault maps discovered:
D:        linesprint [early_d, line_temple, items_1, d_10, items_2, lair_1,
          lair_end, items_3, orc_1, orc_end, items_4, d_15, swamp_1, shoals_1,
          snake_1, spider_1, d_20, vaults_1, items_5, swamp_end, shoals_end,
          snake_end, spider_end, vaults_end, d_27, items_6, zot_1, zot_end,
          crypt_end, forest_end, elf_end, slime_end, tomb_end, abyss_end,
          pan_hell_end]

Skill      XL: |  1  2  3  4  5  6  7  8  9 |
---------------+----------------------------+-----
Spellcasting   | 3 5 7 11 12 13 | 13.4
Dodging        | 3 4 5 7 8 |  8.9
Stealth        | 2 3 4 5 |  5.0
Armour         | 1 2 |  2.9
Invocations    | 4 5 |  5.0
Fighting       | 1 |  1.9
Short Blades   | 1 |  1.2

Action                   |  1- 3 |  4- 6 |  7- 9 || total
-------------------------+-------+-------+-------++-------
Melee: Rapier            |       |       |     8 ||     8
 Cast: Shock             |     8 |     6 |       ||    14
       Static Discharge  |     3 |     2 |     1 ||     6
       Searing Ray       |       |       |     2 ||     2
       Corpse Rot        |       |       |     1 ||     1
  Use: Potion            |       |       |     4 ||     4
Armor: Robe              |     1 |       |       ||     1
       Ring mail         |       |     1 |     3 ||     4
Dodge: Dodged            |     7 |     1 |     3 ||    11

Table legend: (Time is in decaauts)
 A = Elapsed time spent in this place.
 B = Non-inter-level travel time spent in this place.
 C = Inter-level travel time spent in this place.
 D = Time resting spent in this place.
 E = Time spent auto-exploring this place.
 F = Levels seen in this place.
 G = Mean time per level.
                   A        B        C        D        E       F      G
               +--------+--------+--------+--------+--------+-----+--------+
         Total |    561 |    561 |      0 |    431 |      0 |   1 |  561.0 |
       Dungeon |    561 |    561 |      0 |    431 |      0 |   1 |  561.0 |
               +--------+--------+--------+--------+--------+-----+--------+

Top non-repeatable levels by time:
       D: 561 daAuts
